 Dungeon Crawl Stone Soup version 0.27.0-1-g7a089689b8 (webtiles) character file.

Game seed: 12682371207859077649

205 backslashecho the Ruffian (level 5, -2/53 HPs)
             Began as a Troll Delver on Aug 8, 2021.
             Slain by a gnoll (9 damage)
             ... on level 2 of the Dungeon.
             The game lasted 00:06:21 (2311 turns).

backslashecho the Ruffian (Troll Delver)            Turns: 2311, Time: 00:06:22

Health: -2/53      AC:  5    Str: 21    XL:     5   Next: 52%
Magic:  4/4        EV: 10    Int:  6    God:
Gold:   113        SH:  0    Dex: 11    Spells: 4/4 levels left

rFire    . . .     SeeInvis .     - Unarmed
rCold    . . .     Faith    .   (no shield)
rNeg     . . .     Spirit   .   a - +1 robe
rPois    .         Reflect  .   (helmet restricted)
rElec    .         Harm     .   (no cloak)
rCorr    .         Rampage  .   (gloves unavailable)
Will     .....                  (boots unavailable)
Stlth    ++........             (no amulet)
HPRegen  1.17/turn              (no ring)
MPRegen  0.09/turn              (no ring)

@: no status effects
A: large, unfitting armour, claws 3, regeneration 1, shaggy fur 1, tough skin 1
a: no special abilities


You were on level 2 of the Dungeon.
You visited 1 branch of the dungeon, and saw 5 of its levels.
You also visited: Sewer.

You collected 113 gold pieces.

Inventory:

Hand Weapons
 g - a +0 giant club
Armour
 a - a +1 robe (worn)
 k - a +0 buckler
Wands
 f - a wand of digging (3)
Scrolls
 b - 5 scrolls of fog
 c - a scroll of magic mapping
 d - 2 scrolls of fear
 h - a scroll of amnesia
 i - 2 scrolls of enchant armour
 l - a scroll of summoning
 m - a scroll of noise {unknown}
 n - a scroll of blinking {unknown}
 o - a scroll of identify {unknown}
Potions
 e - 2 potions of haste
 j - 4 potions of flight


   Skills:
 + Level 3.5 Fighting
 + Level 2.9 Dodging
 - Level 3.0 Stealth
 + Level 3.5 Unarmed Combat


You had 4 spell levels left.
You didn't know any spells.
Your spell library was empty.

Dungeon Overview and Level Annotations

Branches:
Dungeon (5/15)              Sewer (visited)
 Temple: D:4-7

Altars:

Annotations:
D:1 exclusion: endoplasm


Innate Abilities, Weirdness & Mutations

You are too large for most types of armour.
You have claws for hands.
Your natural rate of healing is unusually fast.
You are covered in fur. (AC +1)
You have tough skin. (AC +1)


Message History

The gnoll completely misses you. The gnoll barely misses you.
You scratch the gnoll.
The gnoll is moderately wounded.
The gnoll closely misses you. The gnoll barely misses you.
The gnoll closely misses you.
You regained 2 hp, and now have 45/53 hp.
You barely miss the gnoll.
The gnoll is moderately wounded.
The gnoll hits you from afar with a +0 spear.
The gnoll hits you with a +0 spear.
The gnoll hits you from afar with a +0 spear.
You take 3 damage, and have 42/53 hp.
You scratch the gnoll.
The gnoll is heavily wounded.
The gnoll hits you from afar with a +0 spear.
The gnoll closely misses you.
The gnoll hits you from afar with a +0 spear!
You take 10 damage, and have 32/53 hp.
You scratch the gnoll.
The gnoll is severely wounded.
The gnoll hits you from afar with a +0 spear.
The gnoll hits you but does no damage. The gnoll closely misses you.
You take 3 damage, and have 29/53 hp.
You barely miss the gnoll.
The gnoll is severely wounded.
The gnoll hits you from afar with a +0 spear.
The gnoll barely misses you. x2; The gnoll closely misses you.
You take 1 damage, and have 28/53 hp.
You closely miss the gnoll.
The gnoll is severely wounded.
The gnoll hits you from afar with a +0 spear.
The gnoll hits you from afar with a +0 spear!
The gnoll hits you with a +0 spear!
* * * LOW HITPOINT WARNING * * *
The gnoll hits you from afar with a +0 spear.
* * * LOW HITPOINT WARNING * * *
You take 22 damage, and have 6/53 hp.
MASSIVE DAMAGE!!
You are too injured to fight recklessly!
The gnoll hits you from afar with a +0 spear!
You die...

#..........................
..............#............
####..........#..........#.
#..........#.........##.
#.......Z..#............
#......ggg.#......#.....
########g##........#.###
########.# ........#.###
#......@.# ........#....
###......##........#....
#..........##......#....
#..........# ......#....
#.....<....# ...........
............# ..........#
............# ..........#
......#.....# ...........
............# .......>..#


You could see 3 gnolls and an adder skeleton.

Vanquished Creatures
  An ogre (D:4)
  2 hound skeletons (D:4)
  2 adders (D:4)
  6 worms
  8 bats
  6 endoplasms
  5 giant cockroaches
  5 hobgoblins (D:1)
  8 jackals
  3 quokkas
  3 ball pythons
  2 frilled lizards (Sewer)
  6 goblins (D:1)
  A jackal zombie (D:2)
  A rat (D:1)
59 creatures vanquished.

Notes
Turn   | Place    | Note
-------+----------+-------------------------------------------
     0 | D:5      | backslashecho the Troll Delver began the quest for the Orb.
     0 | D:5      | Reached XP level 1. HP: 22/22 MP: 0/0
    48 | D:5      | Noticed a sky beast
   129 | D:4      | Reached XP level 2. HP: 29/29 MP: 1/1
   208 | D:4      | Noticed an ogre
   377 | D:4      | Found a glowing drain.
   381 | D:4      | Reached XP level 3. HP: 36/36 MP: 2/2
   387 | Sewer    | Entered a sewer
   916 | Sewer    | Reached XP level 4. HP: 41/45 MP: 3/3
  1057 | D:4      | Killed an ogre
  1058 | D:4      | Reached XP level 5. HP: 21/53 MP: 4/4
  1722 | D:1      | Found a faded altar of an unknown god.
  2311 | D:2      | Slain by a gnoll

Illustrated notes

Levels and vault maps discovered:
D:1:      roderic_chinese_lattice_arrival, layout_basic,
          shapermc_ecumenical_altar_mp_highgroup
D:2:      layout_basic, serial_shops, nicolae_shop_stone, basic_altar,
          serial_undead, serial_undead_c, serial_undead_d, serial_undead_e,
          serial_undead_b, uniq_crazy_yiuf_cottage
D:3:      layout_loops_corners, serial_shops, nicolae_shop_waterfront,
          gammafunk_ghost_mausoleum, uniq_natasha, uniq_grinder
D:4:      layout_basic, portal_sewer_entry_d, lightli_corner_chamber
D:5:      layout_loops_ring, chequers_temple_overflow_minitemple, serial_shops,
          shop, uniq_ijyb, uniq_pikel, uniq_edmund, uniq_blork_the_orc

Skill      XL: |  1  2  3  4 |
---------------+-------------+-----
Dodging        | 2 |  2.9
Stealth        | 3 |  3.0
Fighting       | 3 |  3.5
Unarmed Combat | 3 |  3.5

Action                   |  1- 3 |  4- 6 || total
-------------------------+-------+-------++-------
Melee: Unarmed           |    84 |    81 ||   165
       Punch             |     1 |     2 ||     3
  Use: Potion            |     1 |     2 ||     3
       Scroll            |       |     5 ||     5
 Stab: Sleeping          |     3 |     2 ||     5
Armor: Robe              |    51 |    28 ||    79
Dodge: Dodged            |    69 |    50 ||   119
